 Dungeon Crawl Stone Soup version 0.30-a0-42-g806c11bf1d (webtiles) character file.

Game seed: 11325965835734249510

9235 SensoryNuts the Basher (level 11, 0/105 HPs)
             Began as a Troll Fighter on Aug 30, 2022.
             Slain by a killer bee (2 damage)
             ... on level 10 of the Dungeon.
             The game lasted 00:14:45 (9881 turns).

SensoryNuts the Basher (Troll Fighter)              Turns: 9881, Time: 00:14:47

Health: 0/105      AC:  7    Str: 30    XL:     11   Next: 20%
Magic:  10/10      EV: 15    Int:  1    God:
Gold:   481        SH:  0    Dex: 11    Spells: 10/10 levels left

rFire   . . .      SeeInvis .    m - +0 giant spiked club
rCold   . . .      Faith    .    (shield currently unavailable)
rNeg    . . .      Spirit   .    o - +0 steam dragon scales
rPois   .          Reflect  .    (helmet restricted)
rElec   .          Harm     .    (no cloak)
rCorr   .          Rampage  .    (gloves unavailable)
Will    ++...      Rage     50%  (boots unavailable)
Stlth   +++.......               t - necklace of Bloodlust {*Rage Will++ Int-3 Slay+6}
HPRegen 1.07/turn                i - +4 ring of evasion
MPRegen 0.12/turn                (no ring)

@: lethally poisoned (0 -> -6), on berserk cooldown, slowed, very slow
A: large, unfitting armour, claws 3, regeneration 1, shaggy fur 1, tough skin 1,
thin skeletal structure 1, MP-powered wands
a: no special abilities


You were on level 10 of the Dungeon.
You visited 2 branches of the dungeon, and saw 11 of its levels.

You collected 481 gold pieces.

Inventory:

Hand Weapons
 m - a +0 giant spiked club (weapon)
 v - a +2 giant club
Missiles
 l - 3 throwing nets
Armour
 o - +0 steam dragon scales (worn)
Jewellery
 f - a ring of willpower
 i - a +4 ring of evasion (left claw)
 p - an amulet of magic regeneration
 t - the necklace of Bloodlust (around neck) {*Rage Will++ Int-3 Slay+6}
   (You found it on level 2 of the Dungeon)

   [amulet of nothing]

   It extends the wearer's berserk rage when killing foes.
   Int:       It affects your intelligence (-3).
   Slay:      It affects your accuracy & damage with ranged weapons and melee
   (+6).
   *Rage:     It berserks you when you make melee attacks (+50% chance).
   Will:      It greatly increases your willpower.
 x - a +4 ring of evasion
 y - a +6 ring of dexterity
Wands
 u - a wand of iceblast (13)
 w - a wand of flame (8)
Scrolls
 a - a scroll of blinking
 e - a scroll of immolation
 k - 2 scrolls of poison
 n - a scroll of magic mapping
 r - 2 scrolls of amnesia
 s - a scroll of butterflies
 z - a scroll of identify
Potions
 b - a potion of mutation (quivered)
 c - a potion of invisibility {unknown}
 d - a potion of lignification
 g - a potion of flight
 h - a potion of degeneration
 q - 3 potions of ambrosia
 A - a potion of magic


   Skills:
 + Level 5.9 Fighting
 * Level 13.2 Maces & Flails
 + Level 4.8 Dodging
 + Level 2.8 Stealth
 + Level 4.3 Shields


You had 10 spell levels left.
You didn't know any spells.
Your spell library contained the following spells:

 Spells                   Type           Power      Damage    Failure   Level
 Apportation              Tloc           0%         N/A       56%         1
 Shock                    Conj/Air       0%         1d3       56%         1
 Blink                    Tloc           0%         N/A       71%         2
 Ensorcelled Hibernation  Hex/Ice        0%         N/A       71%         2
 Gell's Gravitas          Tloc           0%         N/A       91%         3
 Lesser Beckoning         Tloc           0%         N/A       91%         3
 Spider Form              Tmut/Pois      0%         N/A       91%         3
 Swiftness                Air            0%         N/A       91%         3
 Teleport Other           Tloc           0%         N/A       91%         3
 Airstrike                Air            0%         2d(0-16)  100%        4
 Anguish                  Hex/Necr       0%         N/A       100%        4
 Corpse Rot               Necr/Pois/Air  0%         N/A       100%        4
 Dispel Undead            Necr           0%         3d6       100%        4
 Alistair's Intoxication  Tmut/Pois      0%         N/A       100%        5
 Manifold Assault         Tloc           0%         N/A       100%        5
 Death Channel            Necr           0%         N/A       100%        6
 Malign Gateway           Summ/Tloc      0%         N/A       100%        7
 Summon Horrible Things   Summ           0%         N/A       100%        8


Dungeon Overview and Level Annotations

Branches:
Dungeon (10/15)            Temple (1/1) D:6            Lair (0/5) D:9
    Orc: D:9-12

Altars:
Ashenzari
Cheibriados
Dithmenos
Elyvilon
Fedhas
Gozag
Hepliaklqana
Kikubaaqudgha
Makhleb
Nemelex Xobeh
Okawaru
Qazlal
Ru
Sif Muna
Trog
Uskayaw
Vehumet
Wu Jian
Xom
Yredelemnul
Zin
The Shining One

Shops:
D:3 [   D:7 *   D:10 *


Innate Abilities, Weirdness & Mutations

You are too large for most types of armour.
You have claws for hands.
Your natural rate of healing is unusually fast.
You are covered in fur. (AC +1)
You have tough skin. (AC +1)
You have a somewhat thin skeletal structure. (Dex +2, Stealth+)
You expend magic power (3 MP) to strengthen your wands.


Message History

The killer bee stings you.
* * * LOW HITPOINT WARNING * * *
The killer bee misses you.
You are too berserk!
Found Bogayfio's Assorted Antiques.
You feel a strong urge to attack something.
You feel very sick.
You are too berserk!
You perforate the killer bee like a sieve!!!
You kill the killer bee!
You feel very sick.
The killer bee barely misses you. x2; The killer bee closely misses you.
The killer bee misses you. The killer bee stings you.
* * * LOW HITPOINT WARNING * * *
You are more poisoned.
The killer bee poisons you! The killer bee barely misses you.
The killer bee stings you.
* * * LOW HITPOINT WARNING * * *
The killer bee attacks as you move away!
The killer bee barely misses you.
The killer bee attacks as you move away!
The killer bee barely misses you.
* * * LOW HITPOINT WARNING * * *
You feel very sick.
The killer bee attacks as you move away!
The killer bee stings you but does no damage.
The killer bee attacks as you move away!
The killer bee stings you but does no damage.
The killer bee attacks as you move away!
The killer bee closely misses you.
You feel a strong urge to attack something.
You are no longer berserk.
You are exhausted.
You feel yourself slow down.
* * * LOW HITPOINT WARNING * * *
You feel very sick.
* * * LOW HITPOINT WARNING * * *
You feel very sick. The killer bee stings you.
You die...

...............#
...∩.............#
......(......)...#
..........y......#
...........<....)#
.........†.......#
........yyy......#
........yyy......#
.......@.y.......#
.................#
##################


You could see 8 killer bees.

Vanquished Creatures
  2 two-headed ogres
  A cyclops (D:8)
  3 komodo dragons (D:9)
  A hornet (D:7)
  Grinder (D:5)
  15 yaks
  A wraith (D:9)
  4 wyverns
  3 steam dragons
  A water moccasin (D:8)
  2 sky beasts (D:7)
  5 orc warriors
  A black bear (D:6)
  An ogre (D:6)
  4 centaurs
  2 phantoms
  2 kobold brigands
  2 gnoll sergeants
  3 necrophages
  4 scorpions
  5 wights (D:7)
  A killer bee (D:10)
  2 howler monkeys
  3 hounds
  3 orc priests
  3 jellies
  2 iguanas (D:6)
  5 orc wizards
  26 gnolls
  5 adders
  A shadow imp (D:8)
  A white imp (D:7)
  A worm (D:3)
  25 orcs
  8 ball pythons
  3 bats
  5 endoplasms
  5 giant cockroaches
  4 hobgoblins
  8 jackals
  5 quokkas
  2 frilled lizards
  5 goblins
  15 kobolds
  5 rats
206 creatures vanquished.

Notes
Turn   | Place    | Note
-------+----------+-------------------------------------------
     0 | D:1      | SensoryNuts the Troll Fighter began the quest for the Orb.
     0 | D:1      | Reached XP level 1. HP: 22/22 MP: 0/0
    54 | D:1      | Found a faded altar of an unknown god.
   103 | D:1      | Reached skill level 2 in Maces & Flails
   164 | D:1      | Reached XP level 2. HP: 29/29 MP: 1/1
   261 | D:1      | Reached XP level 3. HP: 20/36 MP: 2/2
  1495 | D:2      | Found the necklace of Bloodlust {*Rage Will++ Int-3 Slay+6}
  1737 | D:2      | Gained mutation: You expend magic power (3 MP) to
                  | strengthen your wands. [potion of mutation]
  1737 | D:2      | Gained mutation: You have a somewhat thin skeletal
                  | structure. (Dex +2, Stealth+) [potion of mutation]
  1934 | D:3      | Found Ugrack's Armour Emporium.
  1936 | D:3      | Reached XP level 4. HP: 44/44 MP: 3/3
  2068 | D:3      | Reached skill level 3 in Maces & Flails
  2328 | D:3      | Reached XP level 5. HP: 52/53 MP: 4/4
  2481 | D:4      | Noticed a phantom
  2486 | D:4      | Killed a phantom
  2487 | D:4      | Reached skill level 4 in Maces & Flails
  2609 | D:4      | Reached XP level 6. HP: 61/61 MP: 5/5
  2734 | D:4      | Noticed an orc warrior
  2752 | D:4      | Killed an orc warrior
  2753 | D:4      | Reached skill level 5 in Maces & Flails
  3159 | D:5      | Entered Level 5 of the Dungeon
  3243 | D:5      | Noticed a yak
  3244 | D:5      | Noticed a yak
  3245 | D:5      | Noticed a yak
  3245 | D:5      | Noticed a yak
  3245 | D:5      | Noticed a yak
  3245 | D:5      | Noticed a yak
  3342 | D:5      | Reached XP level 7. HP: 67/67 MP: 6/6
  3452 | D:5      | Noticed Grinder
  3509 | D:5      | Found an ancient bone altar of Kikubaaqudgha.
  3566 | D:5      | Killed Grinder
  3567 | D:5      | Reached skill level 6 in Maces & Flails
  3567 | D:5      | Reached skill level 1 in Stealth
  3903 | D:5      | Killed a yak
  3904 | D:5      | Reached XP level 8. HP: 70/78 MP: 7/7
  3910 | D:5      | Reached skill level 7 in Maces & Flails
  3927 | D:5      | Reached skill level 8 in Maces & Flails
  4274 | D:6      | Found a staircase to the Ecumenical Temple.
  4347 | Temple   | Entered the Ecumenical Temple
  4528 | D:6      | Reached XP level 9. HP: 85/85 MP: 8/8
  5375 | D:6      | Reached skill level 9 in Maces & Flails
  5626 | D:7      | Found an iron altar of Okawaru.
  5673 | D:7      | Found an ornate altar of the Wu Jian Council.
  5682 | D:7      | Found a glowing silver altar of Zin.
  5827 | D:7      | Found Zasul's Elemental Accessories.
  5856 | D:7      | Reached skill level 10 in Maces & Flails
  6191 | D:7      | Found a white marble altar of Elyvilon.
  6196 | D:7      | Found a snail-covered altar of Cheibriados.
  6353 | D:7      | Reached skill level 5 in Fighting
  6402 | D:7      | Reached XP level 10. HP: 96/96 MP: 9/9
  6824 | D:7      | Reached skill level 11 in Maces & Flails
  7244 | D:8      | Noticed a cyclops
  7251 | D:8      | Killed a cyclops
  8072 | D:9      | Noticed a two-headed ogre
  8081 | D:9      | Killed a two-headed ogre
  8402 | D:9      | Reached skill level 12 in Maces & Flails
  8687 | D:9      | You fall into a shaft and drop 1 floor!
  8687 | D:10     | Entered Level 10 of the Dungeon
  8855 | D:9      | Found a stormy altar of Qazlal.
  8869 | D:9      | Found a sparkling altar of Nemelex Xobeh.
  9024 | D:9      | Reached XP level 11. HP: 105/105 MP: 10/10
  9170 | D:9      | Reached skill level 13 in Maces & Flails
  9188 | D:9      | Found a staircase to the Lair.
  9788 | D:10     | Noticed a two-headed ogre
  9794 | D:10     | Killed a two-headed ogre
  9877 | D:10     | Found Bogayfio's Assorted Antiques.
  9881 | D:10     | HP: 2/105 [poisoned by a killer bee]
  9881 | D:10     | Slain by a killer bee

Illustrated notes

Levels and vault maps discovered:
D:1:      dpeg_arrival_solitude, layout_loops_cross,
          ebering_ecumenical_altar_rust
D:2:      layout_basic
D:3:      minmay_evil_eye, layout_basic, serial_shops, nicolae_shop_waterfront
D:4:      layout_basic, serial_corexii_hall, chequers_hall_statues_wall_a,
          chequers_hall_statues_corner_a, chequers_hall_statues_wall_a,
          chequers_hall_statues_y
D:5:      layout_basic, mainiacjoe_overflow_surrounded_room, uniq_grinder
D:6:      layout_basic, temple_hall
D:7:      layout_loops_corners, grunt_temple_overflow_open,
          mainiacjoe_overflow_catwalk_spiral, nicolae_elemental_shop
D:8:      layout_loops_ring
D:9:      layout_roguey, mainiacjoe_overflow_swirl, erik_lair_dragon
D:10:     layout_long_grid, serial_shops, shop, special_room [special_room_bee]
Temple:   eino_narrow_crystal_temple

Skill      XL: |  1  2  3  4  5  6  7  8  9 10 11 |
---------------+----------------------------------+-----
Maces & Flails | 2 3 4 5 6 8 10 12 13 | 13.2
Shields        | 3 4 |  4.3
Fighting       | 3 4 5 |  5.9
Dodging        | 3 4 |  4.8
Stealth        | 1 2 |  2.8

Action                   |  1- 3 |  4- 6 |  7- 9 | 10-12 || total
-------------------------+-------+-------+-------+-------++-------
Melee: Flail             |   111 |   100 |    56 |       ||   267
       Giant club        |       |       |   111 |    49 ||   160
       Giant spiked club |       |       |       |    90 ||    90
  Use: Scroll            |    10 |     5 |     2 |     7 ||    24
       Potion            |     4 |     2 |     3 |     6 ||    15
 Stab: Sleeping          |       |     6 |     6 |     4 ||    16
       Distracted        |       |       |     1 |       ||     1
Armor: Robe              |    42 |    13 |    15 |     8 ||    78
       Steam dragon scal |       |       |       |    28 ||    28
Dodge: Dodged            |    40 |    81 |    81 |   195 ||   397
Block: Kite shield       |    49 |    45 |    24 |       ||   118

Table legend: (Time is in decaauts)
 A = Elapsed time spent in this place.
 B = Non-inter-level travel time spent in this place.
 C = Inter-level travel time spent in this place.
 D = Time resting spent in this place.
 E = Time spent auto-exploring this place.
 F = Levels seen in this place.
 G = Mean time per level.
                   A        B        C        D        E       F      G
               +--------+--------+--------+--------+--------+-----+--------+
         Total |  10572 |   9676 |    896 |   1268 |   6531 |  11 |  961.1 |
       Dungeon |  10433 |   9547 |    886 |   1268 |   6413 |  10 | 1043.3 |
        Temple |    138 |    128 |     10 |      0 |    118 |   1 |  138.0 |
               +--------+--------+--------+--------+--------+-----+--------+

Top non-repeatable levels by time:
     D:9: 1988 daAuts
     D:7: 1491 daAuts
     D:6: 1342 daAuts
     D:5: 1138 daAuts
     D:8: 990 daAuts
     D:2: 974 daAuts
     D:4: 867 daAuts
     D:1: 831 daAuts
     D:3: 702 daAuts
  Temple: 138 daAuts
    D:10: 106 daAuts
